 Dungeon Crawl Stone Soup version 0.29-a0-317-gd16b76e6b1 (webtiles) character file.

Game seed: 14620465488148010625

39 sanka the Ducker (level 3, -1/35 HPs)
             Began as a Gnoll Monk on Mar 31, 2022.
             Slain by a gnoll
             ... wielding a +1 halberd of flaming
              (15 damage)
             ... on level 2 of the Dungeon.
             The game lasted 00:01:03 (1342 turns).

sanka the Ducker (Gnoll Monk)                       Turns: 1342, Time: 00:01:03

Health: -1/35      AC:  2    Str: 12    XL:     3   Next: 47%
Magic:  4/4        EV: 15    Int:  9    God:
Gold:   55         SH:  0    Dex: 14    Spells: 3/3 levels left

rFire   . . .      SeeInvis .   a - +0 hand axe
rCold   . . .      Faith    .   (no shield)
rNeg    . . .      Spirit   .   b - +0 robe
rPois   .          Reflect  .   (no helmet)
rElec   .          Harm     .   (no cloak)
rCorr   .          Rampage  .   (no gloves)
Will    .....                   (no boots)
Stlth   +++.......              (no amulet)
HPRegen 0.11/turn               (no ring)
MPRegen 0.09/turn               (no ring)

@: no status effects
A: fangs 1, strong nose, distributed training
a: no special abilities


You were on level 2 of the Dungeon.
You visited 1 branch of the dungeon, and saw 2 of its levels.

You collected 55 gold pieces.


Innate Abilities, Weirdness & Mutations

You have very sharp teeth.
Your uncanny sense of smell can sniff out nearby items.
Your experience applies equally to all skills.


   Skills:
 + Level 6.5 Fighting
 + Level 0.8 Short Blades
 + Level 0.8 Long Blades
 + Level 6.5 Axes
 + Level 0.8 Maces & Flails
 + Level 0.8 Polearms
 + Level 0.8 Staves
 + Level 0.8 Slings
 + Level 0.8 Bows
 + Level 0.8 Crossbows
 + Level 0.8 Throwing
 + Level 0.8 Armour
 + Level 6.5 Dodging
 + Level 4.1 Stealth
 + Level 0.8 Shields
 + Level 0.8 Unarmed Combat
 + Level 0.8 Spellcasting
 + Level 0.5 Conjurations
 + Level 0.5 Hexes
 + Level 0.5 Summonings
 + Level 0.5 Necromancy
 + Level 0.5 Translocations
 + Level 0.5 Transmutations
 + Level 0.5 Fire Magic
 + Level 0.5 Ice Magic
 + Level 0.5 Air Magic
 + Level 0.5 Earth Magic
 + Level 0.5 Poison Magic
 + Level 1.0 Invocations
 + Level 0.8 Evocations


You had 3 spell levels left.
You didn't know any spells.
Your spell library contained the following spells:

 Spells                   Type           Power      Damage    Failure   Level
 Call Canine Familiar     Summ           1%         N/A       65%         3
 Gell's Gravitas          Tloc           1%         N/A       65%         3
 Portal Projectile        Hex/Tloc       2%         N/A       65%         3
 Teleport Other           Tloc           1%         N/A       65%         3
 Leda's Liquefaction      Hex/Erth       0%         N/A       96%         4
 Dispersal                Tloc           0%         N/A       100%        6

Inventory:

Hand Weapons
 a - a +0 hand axe (weapon)
 i - a +0 short sword of venom
Missiles
 h - 4 javelins (quivered)
Armour
 b - a +0 robe (worn)
Scrolls
 d - a scroll of identify {unknown}
 e - 2 scrolls of teleportation {unknown}
 f - a scroll of enchant armour {unknown}
Potions
 c - a potion of ambrosia
 g - a potion of lignification {unknown}

Dungeon Overview and Level Annotations

Branches:
Dungeon (2/15)

Altars:

▒▒▒▒▒▒▒▒▒▒▒
..........▒
......†...▒
..........▒
..........▒ ▒▒▒▒▒▒▒▒▒
▒▒▒▒▒▒▒▒▒▒▒▒▒.grg...▒
▒▒............g▒▒▒▒▒▒
...▒▒▒▒▒▒▒▒▒▒▒▒▒ .▒▒▒
▒▒ ▒▒


You could see 2 gnolls and a rat.


Message History

Unknown command.
There is a stone staircase leading up here.
The gnoll barely misses you.
You climb upwards.
There is a stone staircase leading down here.
You start resting.
HP restored.
You climb downwards.
There is a stone staircase leading up here.
Unknown command.
You closely miss the rat. The rat barely misses you.
The gnoll barely misses you.
You barely miss the rat. The gnoll misses you. The rat bites you.
You hit the rat but do no damage. The rat bites you.
The gnoll hits you from afar with a +1 halberd of flaming.
The gnoll burns you.
You completely miss the rat. Your bite misses the rat.
The gnoll hits you from afar with a +1 halberd of flaming!
The gnoll burns you.
* * * LOW HITPOINT WARNING * * *
The rat bites you.
* * * LOW HITPOINT WARNING * * *
The rat barely misses you.
The gnoll hits you from afar with a +1 halberd of flaming!
You die...

Action                   || total
-------------------------++-------
Melee: Hand axe          ||    55
       Bite              ||     4
       Punch             ||     2
 Stab: Sleeping          ||     5
Armor: Robe              ||     6
Dodge: Dodged            ||    38

Levels and vault maps discovered:
D:1:      saegor_arrival_simple_c, layout_loops_corners,
          ebering_ecumenical_altar_box
D:2:      layout_rooms, uniq_robin

Notes
Turn   | Place    | Note
-------+----------+-------------------------------------------
     0 | D:1      | sanka the Gnoll Monk began the quest for the Orb.
     0 | D:1      | Reached XP level 1. HP: 23/23 MP: 1/1
   260 | D:1      | Reached XP level 2. HP: 29/29 MP: 2/2
   271 | D:1      | Found a faded altar of an unknown god.
   979 | D:2      | Reached XP level 3. HP: 22/35 MP: 3/3
  1231 | D:2      | Reached skill level 1 in Invocations
  1342 | D:2      | Slain by a gnoll

Vanquished Creatures
  A gnoll (D:2)
  An adder (D:2)
  A worm (D:2)
  2 giant cockroaches
  2 hobgoblins (D:1)
  4 kobolds
  A quokka (D:1)
  A ball python (D:1)
  3 bats (D:1)
  2 frilled lizards (D:1)
18 creatures vanquished.
